 Dungeon Crawl Stone Soup version 0.29.0-4-gdea44cf6ec (webtiles) character file.

Game seed: 2206171886550776115

44 qw the Chopper (level 3, -4/21 HPs)
             Began as a Tengu Warper on Aug 28, 2022.
             Killed from afar by Sigmund (9 damage)
             ... with a magic dart
             ... on level 2 of the Dungeon.
             The game lasted 00:00:09 (1620 turns).

qw the Chopper (Tengu Warper)                       Turns: 1620, Time: 00:00:09

Health: -4/21      AC:  3    Str: 13    XL:     3   Next: 62%
Magic:  7/7        EV: 12    Int: 13    God:
Gold:   81         SH:  0    Dex: 13    Spells: 6/6 levels left

rFire   . . .      SeeInvis .   Y - +0 hand axe
rCold   . . .      Faith    .   (no shield)
rNeg    . . .      Spirit   .   b - +0 leather armour
rPois   .          Reflect  .   (helmet restricted)
rElec   .          Harm     .   (no cloak)
rCorr   .          Rampage  .   (no gloves)
Will    .....                   (boots unavailable)
Stlth   +.........              (no amulet)
HPRegen 0.07/turn               (no ring)
MPRegen 0.10/turn               (no ring)

@: no status effects
A: beak, talons 3
a: no special abilities


You were on level 2 of the Dungeon.
You visited 1 branch of the dungeon, and saw 2 of its levels.

You collected 81 gold pieces.


Innate Abilities, Weirdness & Mutations

You have a beak for a mouth.
You have claws for feet.


   Skills:
 - Level 2.0 Fighting
 + Level 4.3 Axes
 - Level 1.0 Throwing
 - Level 1.1 Armour
 - Level 2.1 Dodging
 - Level 2.0 Spellcasting
 - Level 2.4 Translocations


You had 6 spell levels left.
You didn't know any spells.
Your spell library contained the following spells:

 Spells                   Type           Power      Damage    Failure   Level
 Blink                    Tloc           14%        N/A       19%         2
 Gell's Gravitas          Tloc           7%         N/A       36%         3
 Lesser Beckoning         Tloc           7%         N/A       36%         3
 Teleport Other           Tloc           7%         N/A       36%         3
 Manifold Assault         Tloc           7%         N/A       98%         5

Inventory:

Hand Weapons
 d - a +0 whip
 Y - a +0 hand axe (weapon)
Armour
 b - a +0 leather armour (worn)
 i - a +0 chain mail
 k - a +0 plate armour
Jewellery
 e - a ring of fire
 g - a ring of positive energy
Scrolls
 c - a scroll of brand weapon {unknown}
 h - 3 scrolls of fear {unknown}
Potions
 a - a potion of attraction {unknown}
 f - 2 potions of curing {unknown}
 j - a potion of brilliance {unknown}

Dungeon Overview and Level Annotations

Branches:
Dungeon (2/15)

Altars:

Shops:
D:1 !==

Annotations:
D:2 Sigmund


Message History

f - 2 fuming ruby potions (gained 1) Sigmund the Dreaded comes into view.
He is wielding a +0 scythe and carrying a wand of flame (14).
Sigmund shouts!
Sigmund zaps a wand.
The puff of flame hits you!
Ouch! That really hurt!
Enter note:
Enter note:
1586 ||| FLEEEEING.
1587 ||| FLEEEEING.
1588 ||| FLEEEEING.
1589 ||| FLEEEEING.
1590 ||| FLEEEEING.
1591 ||| FLEEEEING.
1592 ||| FLEEEEING.
1593 ||| FLEEEEING.
1594 ||| FLEEEEING.
1596 ||| FLEEEEING.
1597 ||| FLEEEEING.
1598 ||| FLEEEEING.
1599 ||| FLEEEEING.
1600 ||| FLEEEEING.
1601 ||| FLEEEEING.
1602 ||| FLEEEEING.
1611 ||| FLEEEEING.
1613 ||| Stepping ~*~*~tactically~*~*~ (hiding).
Sigmund says, "Look into my eyes."
Sigmund zaps a wand.
The puff of flame hits you. Sigmund gestures at you while chanting.
You resist with significant effort.
You barely miss Sigmund. Your kick misses Sigmund. Your peck misses Sigmund.
Sigmund hits you with a +0 scythe.
You barely miss Sigmund. Sigmund misses you.
You barely miss Sigmund. You claw Sigmund.
Sigmund is lightly wounded.
You hit Sigmund.
Sigmund is moderately wounded.
Sigmund gestures at you while chanting. The magic dart hits you!
You die...

#.....#.##### ##.# #.........
#.....#.### #.# #.........
#.....#.#.# .. ##.........
###.....#...# ##.# #....#.#..# .#
#....#...# #..#####.###..####
.###....#...# #.##.....>.......#
..##........####.##.##........#.
.........?..#....@..##........#.#
...#........#.##@####......@.##.^
..........w..................####
###.......#.###.###..#...........
#........#.# #.###.##...........
##.......##.###.#...##....:......
..........#.##....####...........
.....w....#.##....# #.......#....
..........#.##).####..#######....
..........#.#...##...............


You could see Sigmund and a worm.

Vanquished Creatures
  An adder (D:2)
  6 endoplasms
  4 giant cockroaches
  2 goblins
  3 hobgoblins (D:2)
  4 kobolds (D:1)
  A quokka (D:1)
  4 ball pythons
  A bat (D:2)
  A frilled lizard (D:1)
  3 rats
30 creatures vanquished.

Notes
Turn   | Place    | Note
-------+----------+-------------------------------------------
     0 | D:1      | qw the Tengu Warper began the quest for the Orb.
     0 | D:1      | Reached XP level 1. HP: 12/12 MP: 4/4
     0 | D:1      | 0 ||| qw: Version: 0.1-a-89-g26bdef1
     0 | D:1      | 0 ||| qw: Game counter: 1869
     0 | D:1      | 0 ||| qw: Always use a shield: true
     0 | D:1      | 0 ||| qw: God list: Okawaru
     0 | D:1      | 0 ||| qw: Allow faded altars: false
     0 | D:1      | 0 ||| qw: Do Orc after D:15 true
     0 | D:1      | 0 ||| qw: Do second Lair branch before Depths: true
     0 | D:1      | 0 ||| qw: Lair rune preference: random
     0 | D:1      | 0 ||| qw: Plans: Normal
     0 | D:1      | 0 ||| PLANNING D:1-11
    37 | D:1      | Found Qukh's Jewellery Shoppe.
    45 | D:1      | 45 ||| SHOPLISTING +4 ring of evasion (396 gold, have 8).
    45 | D:1      | 45 ||| SHOPLISTING amulet of guardian spirit (330 gold,
                  | have 8).
    45 | D:1      | 45 ||| SHOPLISTING ring "Siwutev" {rF+ Will+ rCorr Int-5}
                  | (359 gold, have 8).
    45 | D:1      | 45 ||| SHOPLISTING ring of fire (275 gold, have 8).
    45 | D:1      | 45 ||| SHOPLISTING ring of protection from cold (275 gold,
                  | have 8).
    45 | D:1      | 45 ||| SHOPLISTING ring of see invisible (165 gold, have
                  | 8).
    64 | D:1      | Found Foriucw's Distillery.
    68 | D:1      | 68 ||| SHOPLISTING potion of curing (39 gold, have 16).
    68 | D:1      | 68 ||| SHOPLISTING potion of heal wounds (65 gold, have
                  | 16).
   162 | D:1      | Found a faded altar of an unknown god.
   313 | D:1      | Reached XP level 2. HP: 17/17 MP: 6/6
   324 | D:1      | Reached skill level 3 in Axes
   343 | D:1      | 343 ||| Stepping ~*~*~tactically~*~*~ (stealth).
   345 | D:1      | 345 ||| Stepping ~*~*~tactically~*~*~ (stealth).
   395 | D:1      | 395 ||| Stepping ~*~*~tactically~*~*~ (stealth).
   397 | D:1      | 397 ||| Stepping ~*~*~tactically~*~*~ (stealth).
   456 | D:1      | 456 ||| DROPPING +0 club.
   690 | D:1      | Found Wotic's Jewellery Shoppe.
   696 | D:1      | 696 ||| SHOPLISTING +4 ring of evasion (432 gold, have 50).
   696 | D:1      | 696 ||| SHOPLISTING +6 ring of strength (432 gold, have
                  | 50).
   696 | D:1      | 696 ||| SHOPLISTING amulet of regeneration (360 gold, have
                  | 50).
   696 | D:1      | 696 ||| SHOPLISTING ring of Qebeitau {rPois rF+} (434 gold,
                  | have 50).
   696 | D:1      | 696 ||| SHOPLISTING ring of fire (300 gold, have 50).
   696 | D:1      | 696 ||| SHOPLISTING ring of ice (300 gold, have 50).
   696 | D:1      | 696 ||| SHOPLISTING ring of poison resistance (240 gold,
                  | have 50).
   696 | D:1      | 696 ||| SHOPLISTING ring of see invisible (180 gold, have
                  | 50).
   916 | D:1      | 916 ||| READING scroll labelled DOOCALIYBU.
   917 | D:1      | 917 ||| DROPPING scroll of blinking.
   942 | D:2      | 942 ||| Stepping ~*~*~tactically~*~*~ (stealth).
  1001 | D:2      | Reached XP level 3. HP: 21/21 MP: 7/7
  1043 | D:2      | Reached skill level 4 in Axes
  1585 | D:2      | Noticed Sigmund
  1586 | D:2      | 1586 ||| FLEEEEING.
  1587 | D:2      | 1587 ||| FLEEEEING.
  1588 | D:2      | 1588 ||| FLEEEEING.
  1589 | D:2      | 1589 ||| FLEEEEING.
  1590 | D:2      | 1590 ||| FLEEEEING.
  1591 | D:2      | 1591 ||| FLEEEEING.
  1592 | D:2      | 1592 ||| FLEEEEING.
  1593 | D:2      | 1593 ||| FLEEEEING.
  1594 | D:2      | 1594 ||| FLEEEEING.
  1596 | D:2      | 1596 ||| FLEEEEING.
  1597 | D:2      | 1597 ||| FLEEEEING.
  1598 | D:2      | 1598 ||| FLEEEEING.
  1599 | D:2      | 1599 ||| FLEEEEING.
  1600 | D:2      | 1600 ||| FLEEEEING.
  1601 | D:2      | 1601 ||| FLEEEEING.
  1602 | D:2      | 1602 ||| FLEEEEING.
  1611 | D:2      | 1611 ||| FLEEEEING.
  1613 | D:2      | 1613 ||| Stepping ~*~*~tactically~*~*~ (hiding).
  1617 | D:2      | HP: 4/21 [Sigmund/+0 scythe (3)]
  1620 | D:2      | Killed from afar by Sigmund

Levels and vault maps discovered:
D:1:      beargit_arrival_diablo_church, layout_loops_ring, serial_shops,
          nicolae_diamond_shop, shop_statue, nicolae_shop_hallway_plus,
          hellmonk_ecumenical_altar_zigzags
D:2:      layout_rooms, serial_co_window_serial, co_window_of_opportunity_a,
          co_window_paths_b, co_window_cross_1, co_window_corner_a,
          co_window_corner_a, co_window_corner_a, co_window_corner_a,
          co_window_corner_b, co_window_broadway_b, co_window_unsneaky_path_a,
          co_window_corner_ca, co_window_corner_ca, co_window_paths_c,
          co_window_of_opportunity_b, co_window_4corner_a, uniq_sigmund,
          uniq_natasha

Skill      XL: |  1  2  3 |
---------------+----------+-----
Axes           | 3 4 |  4.3
Fighting       | |  2.0
Throwing       | |  1.0
Armour         | |  1.1
Dodging        | |  2.1
Spellcasting   | |  2.0
Translocations | |  2.4

Action                   || total
-------------------------++-------
Melee: Hand axe          ||    59
       Peck              ||    11
       Kick              ||    13
Throw: Boomerang         ||     7
  Use: Scroll            ||     1
Armor: Leather armour    ||     7
Dodge: Dodged            ||    23

Table legend:
 A = Non-vault XP
 B = Vault XP
 C = Vault XP percentage of total XP
 D = Non-vault monster count
 E = Vault monster count
 F = Vault count percentage of total count
                 A         B        C        D         E       F
            +---------+---------+-------+---------+---------+-------
      Total |      63 |       1 |   1.6 |      29 |       1 |   3.3
            +---------+---------+-------+---------+---------+-------
        D:1 |      25 |       1 |   3.8 |      15 |       1 |   6.2
        D:2 |      38 |       0 |   0.0 |      14 |       0 |   0.0
            +---------+---------+-------+---------+---------+-------
